 Dungeon Crawl Stone Soup version 0.32-a0-871-ge202e49faa (webtiles) character file.

Game seed: 11897992253767558974

436 KennySheep the Trooper (level 7, -7/72 HPs)
             Began as an Oni Gladiator on Mar 29, 2024.
             Was an Initiate of Wu Jian.
             Mangled by an ice beast (14 damage)
             ... on level 5 of the Dungeon.
             The game lasted 00:08:31 (5072 turns).

KennySheep the Trooper (Oni Gladiator)              Turns: 5072, Time: 00:08:32

Health: -7/72      AC:  3    Str: 21    XL:     7   Next: 1%
Magic:  7/7        EV:  9    Int:  9    God:    Wu Jian [......]
Gold:   82         SH:  0    Dex: 10    Spells: 6/6 levels left

rFire   . . .        a - +0 flail
rCold   . . .        (no shield)
rNeg    . . .        b - +0 robe
rPois   .            c - +0 hat
rElec   .            (no cloak)
rCorr   .            (gloves unavailable)
SInv    .            (boots unavailable)
Will    .....        m - amulet of faith
Stlth   +            (no ring)
HPRegen 0.32/turn    (no ring)
MPRegen 0.10/turn

%: faith
@: mighty
A: large, unfitting armour, horns 1, tough skin 1, double potion healing,
drunken brawling
a: Renounce Religion


You were on level 5 of the Dungeon.
You worshipped Wu Jian.
Wu Jian was noncommittal.
You visited 2 branches of the dungeon, and saw 6 of its levels.

You collected 202 gold pieces.
You spent 120 gold pieces at shops.

Inventory:

Hand Weapons
 a - a +0 flail (weapon)
Missiles
 d - 3 throwing nets (quivered)
 e - a large rock
Armour
 b - a +0 robe (worn)
 c - a +0 hat (worn)
Jewellery
 m - an amulet of faith (around neck)
 x - a +6 ring of intelligence
 y - an amulet of the acrobat
Wands
 j - a wand of charming (10)
Scrolls
 i - 2 scrolls of blinking
 k - 5 scrolls of teleportation
 l - a scroll of summoning
 r - a scroll of fog
 u - 2 scrolls of immolation
 v - a scroll of amnesia {unknown}
 w - a scroll of acquirement {unknown}
Potions
 g - a potion of might
 h - 2 potions of mutation
 n - a potion of lignification {unknown}
 o - a potion of degeneration {unknown}
 p - a potion of cancellation {unknown}
 q - a potion of brilliance {unknown}
 s - a potion of haste {unknown}
 t - a potion of attraction {unknown}


   Skills:
 + Level 5.5 Fighting
 + Level 4.7 Maces & Flails
 - Level 3.2 Throwing
 + Level 4.3 Dodging


You had 6 spell levels left.
You didn't know any spells.
Your spell library contained the following spells:

 Spells                   Type           Power      Damage    Failure   Level
 Magic Dart               Conj           0%         1d3       38%         1
 Ensorcelled Hibernation  Hex/Ice        0%         N/A       52%         2
 Searing Ray              Conj           0%         2d4       52%         2
 Passwall                 Erth           0%         N/A       77%         3
 Swiftness                Air            0%         N/A       77%         3
 Fulminant Prism          Conj/Alch      0%         3d5       99%         4


Dungeon Overview and Level Annotations

Branches:
Dungeon (5/15)             Temple (1/1) D:4

Altars:
Ashenzari
Cheibriados
Dithmenos
Elyvilon
Fedhas
Gozag
Hepliaklqana
Kikubaaqudgha
Makhleb
Qazlal
Ru
Sif Muna
Trog
Uskayaw
Vehumet
Wu Jian
Xom
Yredelemnul
The Shining One

Shops:
D:5 !


Innate Abilities, Weirdness & Mutations

You are too large for most types of armour.
You have a pair of small horns on your head.
You have tough skin. (AC +1)
You gain doubled healing and magic from potions.
Whenever you drink a healing potion, you attack all around you.


Message History

The ice beast barely misses you. The ice beast hits you.
The ice beast freezes you.
You closely miss the ice beast.
The ice beast is severely wounded.
The ice beast completely misses you.
You closely miss the ice beast.
The ice beast is severely wounded.
The ice beast hits you. The ice beast freezes you!
You closely miss the ice beast.
The ice beast is severely wounded.
The ice beast completely misses you.
The orc wizard mumbles some strange words.
The orc wizard flickers and vanishes!
You barely miss the ice beast.
The ice beast is severely wounded.
The ice beast hits you. The ice beast freezes you!
You thump the ice beast! Your headbutt misses the ice beast.
The ice beast is almost dead.
The ice beast barely misses you. The ice beast hits you.
* * * LOW HITPOINT WARNING * * *
The ice beast freezes you!
* * * LOW HITPOINT WARNING * * *
Okay, then.
You take a swig of the potion and twirl your +0 flail.
You barely miss the ice beast.
You headbutt the ice beast, but do no damage.
The ice beast is almost dead.
You savour every drop.
You feel better. The ice beast hits you. The ice beast freezes you!
You closely miss the ice beast.
The ice beast is almost dead.
The ice beast hits you.
* * * LOW HITPOINT WARNING * * *
The ice beast freezes you!
* * * LOW HITPOINT WARNING * * *
You feel very mighty all of a sudden. The ice beast hits you.
* * * LOW HITPOINT WARNING * * *
The ice beast freezes you!
You die...

#.._..## #.#
#.#.### #.#
#.....### #.#
#####...# #.#
###.####### ###.#
#..>....## ###...#
#######..# #...###
##....# #.###
#@.#######.####)#
#lY.## #..........#
#{####...###.######


oo{ .) #.# ... #.# ..... #.# .... ##.# .... ###..### #......##### You could see
an ice beast, an iguana and 2 orcs.

Vanquished Creatures
  A centaur (D:5)
  The ghost of zenocrate the Sneak, an amateur OpEE (D:4)
  2 hounds
  A sleepcap (D:4)
  An iguana (D:4)
  9 adders
  A shadow imp (D:5)
  2 ufetubi (D:5)
  An orc (D:3)
  6 ball pythons
  4 bats
  8 endoplasms
  3 giant cockroaches
  4 goblins
  6 hobgoblins
  4 jackals (D:4)
  6 kobolds
  2 quokkas (D:4)
  7 frilled lizards
  8 rats
77 creatures vanquished.

Vanquished Creatures (others)
  A human (D:3)
1 creature vanquished.

Grand Total: 78 creatures vanquished

Notes
Turn   | Place    | Note
-------+----------+-------------------------------------------
     0 | D:1      | KennySheep the Oni Gladiator began the quest for the Orb.
     0 | D:1      | Reached XP level 1. HP: 22/22 MP: 1/1
   414 | D:1      | Reached XP level 2. HP: 14/29 MP: 2/2
   418 | D:1      | Reached skill level 3 in Fighting
  1116 | D:2      | Reached XP level 3. HP: 37/37 MP: 3/3
  1779 | D:3      | Reached XP level 4. HP: 30/46 MP: 4/4
  1980 | D:3      | Found an ancient bone altar of Kikubaaqudgha.
  1980 | D:3      | Noticed a human
  1984 | D:3      | Killed a human
  2807 | D:3      | Reached skill level 4 in Fighting
  3086 | D:4      | Reached XP level 5. HP: 34/54 MP: 5/5
  3468 | D:4      | Found a runed translucent door.
  3469 | D:4      | Noticed zenocrate's ghost (amateur OpEE)
  3626 | D:4      | Identified the +1 robe of Zyuh {rElec rPois}
  3723 | D:4      | Found a staircase to the Ecumenical Temple.
  3755 | Temple   | Entered the Ecumenical Temple
  3786 | Temple   | Became a worshipper of the Wu Jian Council
  4373 | D:4      | Reached XP level 6. HP: 48/63 MP: 6/6
  4485 | D:4      | Killed zenocrate's ghost
  4486 | D:4      | Reached skill level 5 in Fighting
  4650 | D:5      | Entered Level 5 of the Dungeon
  4774 | D:5      | Found Igotz's Distillery.
  4790 | D:5      | Bought a potion of mutation for 80 gold pieces
  4790 | D:5      | Bought a potion of might for 40 gold pieces
  4988 | D:5      | Reached XP level 7. HP: 61/72 MP: 7/7
  5030 | D:5      | Found an opulent altar of Gozag.
  5072 | D:5      | Mangled by an ice beast

Illustrated notes

Levels and vault maps discovered:
D:1:      sevenhm_arrival_forest_fort_small_3, layout_loops_corners,
          serial_glass, glass_columns_c, glass_columns_a, glass_columns_a,
          glass_columns_a, glass_columns_a, glass_columns_b, glass_columns_a,
          glass_columns_c, glass_columns_b, glass_columns_b
D:2:      layout_rooms, serial_forest, infiniplex_forest_end_1,
          infiniplex_forest_lined_3_way, infiniplex_forest_straight_5,
          infiniplex_forest_zigzag_1, infiniplex_forest_clump_medium,
          infiniplex_forest_end_1, infiniplex_forest_lined_corner
D:3:      layout_loops_corners, tgw_kikubaaqudgha
D:4:      layout_basic, minmay_temple_entry_antechambers, gammafunk_ghost_grave,
          minmay_misc_feat_x, minmay_misc_feat_roman
D:5:      layout_rooms, lemuel_crystal_altar, serial_shops, shop
Temple:   nicolae_temple_bog_church

Skill      XL: |  1  2  3  4  5  6 |
---------------+-------------------+-----
Fighting       | 3 4 5 |  5.5
Dodging        | 3 4 |  4.3
Throwing       | 3 |  3.2
Maces & Flails | 4 |  4.7

Action                     |  1- 3 |  4- 6 |  7- 9 || total
---------------------------+-------+-------+-------++-------
  Melee: Flail             |   117 |   172 |    12 ||   301
         Headbutt          |     7 |    17 |     4 ||    28
Ability: Lunge             |       |     4 |       ||     4
    Use: Scroll            |       |     5 |       ||     5
         Potion            |       |     4 |     2 ||     6
   Stab: Distracted        |       |     1 |       ||     1
         Sleeping          |       |     1 |       ||     1
 Armour: Robe              |    82 |   167 |     8 ||   257
  Dodge: Dodged            |    68 |   129 |     8 ||   205

Table legend: (Time is in decaauts)
 A = Elapsed time spent in this place.
 B = Non-inter-level travel time spent in this place.
 C = Inter-level travel time spent in this place.
 D = Time resting spent in this place.
 E = Time spent auto-exploring this place.
 F = Levels seen in this place.
 G = Mean time per level.
                   A        B        C        D        E       F      G
               +--------+--------+--------+--------+--------+-----+--------+
         Total |   5149 |   5043 |    106 |    613 |   3700 |   6 |  858.2 |
       Dungeon |   5109 |   5003 |    106 |    613 |   3700 |   5 | 1021.8 |
        Temple |     39 |     39 |      0 |      0 |      0 |   1 |   39.0 |
               +--------+--------+--------+--------+--------+-----+--------+

Top non-repeatable levels by time:
     D:4: 1588 daAuts
     D:3: 1374 daAuts
     D:1: 986 daAuts
     D:2: 733 daAuts
     D:5: 426 daAuts
  Temple: 39 daAuts
